 Dungeon Crawl Stone Soup version 0.15.0-18-g9076a4f (webtiles) character file.

946 Nebuchadnezzar the Cleaver (level 7, -4/57 HPs)
             Began as a Red Draconian Berserker on Sept 7, 2014.
             Was a High Priest of Trog.
             Slain by an ice beast (14 damage)
             ... on Level 5 of the Dungeon.
             The game lasted 00:16:11 (5914 turns).

Nebuchadnezzar the Cleaver (DrBe)                   Turns: 5914, Time: 00:16:11

HP  -4/57        AC  6     Str 24      XL: 7   Next: 89%
MP   7/7         EV 12     Int  8      God: Trog [*****.]
Gold 256         SH  0     Dex 12      Spells:  0 memorised,  6 levels left

rFire  + . .     SeeInvis .     a - +1 hand axe
rCold  . . .     Clarity  .     (armour unavailable)
rNeg   . . .     rCorr    .     (no shield)
rPois  .         rRot     .     (helmet restricted)
rElec  .         Spirit   .     (no cloak)
SustAb .         Warding  .     (no gloves)
rMut   .         Stasis   .     (no boots)
Gourm  .                        (no amulet)
MR     .....                    (no ring)
                                e - +5 ring of strength

@: slowed, very slow, not resistant to hostile enchantments, very unstealthy
A: breathe fire, unfitting armour, fire resistance 1, cold-blooded, AC +6
a: Breathe Fire, Burn Spellbooks, Berserk, Trog's Hand, Brothers in Arms,
Renounce Religion


You were on level 5 of the Dungeon.
You worshipped Trog.
Trog was extremely pleased with you.
You were very hungry.

You visited 1 branch of the dungeon, and saw 5 of its levels.
You also visited: Sewer.

You collected 256 gold pieces.

Inventory:

Hand weapons
 a - a +1 hand axe (weapon)
 y - a +0 hand axe of distortion
 A - a +0 hunting sling
Missiles
 f - 2 throwing nets
 h - 12 sling bullets
 j - 15 bolts
 q - 14 steel sling bullets
 v - 26 arrows
 w - 15 poisoned needles
 E - 7 poisoned javelins (quivered)
Magical devices
 k - a wand of teleportation (9)
 l - a wand of draining (4)
Comestibles
 c - 2 bread rations
 p - 3 meat rations
Scrolls
 d - 2 scrolls of magic mapping
 t - 8 scrolls of teleportation
 u - 5 scrolls of remove curse
 x - a scroll of blinking
 z - 2 scrolls of recharging
 F - a scroll of enchant weapon
 G - a scroll of identify
 H - a scroll of fog
Jewellery
 e - a +5 ring of strength (left hand)
Potions
 b - a potion of restore abilities
 i - a potion of degeneration
 m - a potion of agility
 n - 2 potions of brilliance
 o - 4 potions of might
 r - 4 potions of flight
 s - a potion of heal wounds
 B - a potion of confusion {unknown}
 C - a potion of berserk rage {unknown}
 D - a potion of cure mutation {unknown}


   Skills:
 - Level 3.2 Fighting
 * Level 9.6 Axes
 - Level 2.6 Dodging


You had 6 spell levels left.
You didn't know any spells.

Dungeon Overview and Level Annotations

Branches:
Dungeon (5/15)             Temple (0/1) D:5

Altars:
Qazlal


Innate Abilities, Weirdness & Mutations

You can breathe blasts of fire.
Your fiery red scales are hard (AC +6).
Your body does not fit into most forms of armour.
Your flesh is heat resistant.
Your cold-blooded metabolism reacts poorly to cold.


Message History

You are too injured to fight recklessly!
You are too injured to fight recklessly!
You hit the ice beast.
The ice beast is severely wounded.
The ice beast closely misses you.
You hit the ice beast.
The ice beast is almost dead.
You feel yourself speed up.
You are feeling very hungry.
The ice beast hits you.
* * * LOW HITPOINT WARNING * * *
The ice beast freezes you.
* * * LOW HITPOINT WARNING * * *
You have got your breath back.
There is a stone staircase leading down here.
The ice beast hits you but does no damage.
The ice beast hits you.
* * * LOW HITPOINT WARNING * * *
The ice beast freezes you!
You feel yourself slow down.
You die...

#..## ## ###.#.###. ###########
#...##.#.# ..........# #.####...#
..........# #.........
..........# ##.####...#
##'####'######## #..# ##.#.# #.#
#.#......########.####.###. #.#
#........Y@...........##### #.#
#.....##.###############... #.#
#.....+....................
#.####.....#..##############....
#....#.#...#.####### #..).
##.##.#.#.###.....).# #.###
...<#.......#######)# #.#..
.#..P.....#.#..####.#########'#..
.#....PP.>............##.........


You could see an ice beast.

Vanquished Creatures
  2 ogres
  A phantom (D:5)
  A scorpion (D:5)
  5 hounds
  2 orc wizards
  2 worker ants (D:4)
  Ijyb (D:2)
  3 gnolls (D:2)
  11 adders
  A giant mite (D:3)
  2 goliath beetle zombies (D:5)
  A shadow imp (D:4)
  9 worms
  7 giant geckos
  8 oozes
  9 orcs
  20 bats
  6 giant cockroaches
  11 goblins
  9 hobgoblins
  11 jackals
  10 kobolds
  2 quokkas
  3 ball pythons
  7 giant newts
  A kobold zombie (D:5)
  7 rats
  A rat skeleton (D:4)
  A plant (D:5)
154 creatures vanquished.

Notes
Turn   | Place    | Note
--------------------------------------------------------------
     0 | D:1      | Nebuchadnezzar, the Draconian Berserker, began the quest for the Orb.
     0 | D:1      | Reached XP level 1. HP: 19/19 MP: 1/1
   282 | D:1      | Reached XP level 2. HP: 19/26 MP: 2/2
   706 | D:1      | Reached skill level 4 in Axes
   762 | D:1      | Acquired Trog's second power
   842 | D:2      | Noticed Ijyb
   853 | D:2      | Killed Ijyb
   853 | D:2      | Reached XP level 3. HP: 31/31 MP: 3/3
  1191 | D:2      | Reached XP level 4. HP: 38/38 MP: 4/4
  1193 | D:2      | Reached skill level 5 in Axes
  1492 | D:2      | Found a stormy altar of Qazlal.
  1574 | D:2      | Reached XP level 5. HP: 39/45 MP: 5/5
  2192 | D:3      | Reached skill level 6 in Axes
  2401 | D:3      | Found a glowing drain.
  2405 | Sewer    | Entered a sewer
  2432 | Sewer    | Acquired Trog's third power
  3284 | D:4      | Received a gift from Trog
  3284 | D:4      | Reached XP level 6. HP: 51/51 MP: 6/6
  3286 | D:4      | Reached skill level 7 in Axes
  3993 | D:4      | Reached skill level 8 in Axes
  4201 | D:4      | Noticed an ogre
  4219 | D:4      | Killed an ogre
  4219 | D:4      | Your scales start taking on a fiery red colour.
  4219 | D:4      | Gained mutation: Your flesh is heat resistant. [draconian maturity]
  4219 | D:4      | Reached XP level 7. HP: 5/57 MP: 7/7
  4613 | D:5      | Entered Level 5 of the Dungeon
  4613 | D:5      | Found a staircase to the Ecumenical Temple.
  5140 | D:5      | Reached skill level 9 in Axes
  5914 | D:5      | Slain by an ice beast

Action                   |  1- 3 |  4- 6 |  7- 9 || total
-------------------------+-------+-------+-------++-------
Melee: Hand axe          |   116 |   325 |   145 ||   586
Throw: Javelin           |       |       |     6 ||     6
       Throwing net      |       |       |     1 ||     1
Invok: Berserk           |     2 |     3 |       ||     5
 Abil: Breathe Fire      |       |       |     5 ||     5
Evoke: Wand              |       |     1 |       ||     1
  Use: Scroll            |     6 |     2 |     9 ||    17
       Potion            |       |     4 |       ||     4
 Stab: Sleeping          |       |     2 |       ||     2
  Eat: Chunk             |     2 |    13 |     5 ||    20
       Beef jerky        |       |       |     1 ||     1
